[Event "*** Titled Tuesday Blitz"]
[Site "Chess.com"]
[Date "2018.06.05"]
[Round "3"]
[White "FranklinAPalomo"]
[Black "MFBerna"]
[Result "0-1"]
[WhiteElo "2333"]
[BlackElo "2243"]
[TimeControl "180+2"]
[EndTime "13:42:06 PDT"]
[Termination "MFBerna won by resignation"]

1. Nf3 d5 2. g3 Nf6 3. Bg2 g6 4. O-O Bg7 5. d3 O-O 6. Nbd2 c5 7. Re1 Nc6 8. e4 e5 9. exd5 Nxd5 10. h3 Re8 11. a4 b6 12. Nc4 h6 13. Nfd2 Be6 14.
Ne4 Qd7 15. Kh2 Rf8 16. a5 Rad8 17. axb6 axb6 18. Bd2 Qc7 19. Na3 f5 20. Nb5 Qb8 21. Nec3 Ndb4 22. Qc1 Kh7 23. Ra4 Bg8 24. Nd1 f4 25.
Ndc3 fxg3+ 26. fxg3 e4 27. Nxe4 Nd5 28. Qd1 Ne5 29.
Bc3 Nxc3 30. bxc3 c4 31. d4 Bd5 32. Ra7 Bc6 33. Rxg7+ Kxg7 34. Na3 Qa8 35. Qe2 Nd7 36.
Nxc4 Rde8 37. Ncd2 Nf6 38. Qd3 Nxe4 39. Nxe4 Bxe4 40. Rxe4 Rxe4 41. Qxe4 Qxe4 42. Bxe4 Rc8 43. Bd3 Rxc3 44. Kg2 Kf6 45. Kf3 g5 46. Ke4 Ra3 47.
Kd5 Ra1 48. g4 Rh1 49. c4 Rxh3 50. c5 bxc5 51. dxc5 Rxd3+ 0-1

[Event "*** Titled Tuesday Blitz"]
[Site "Chess.com"]
[Date "2018.06.05"]
[Round "3"]
[White "W_Amadeus"]
[Black "Vrolijk"]
[Result "1-0"]
[WhiteElo "2520"]
[BlackElo "2608"]
[TimeControl "180+2"]
[EndTime "13:42:07 PDT"]
[Termination "W_Amadeus won by resignation"]

1. d4 Nf6 2. c4 e6 3. Nf3 d5 4.
g3 Be7 5. Bg2 O-O 6. O-O dxc4 7.
Qc2 a6 8. Qxc4 b5 9. Qc2 Bb7 10.
Bg5 Nbd7 11. Bxf6 Nxf6 12. Nbd2 c5 13. dxc5 Rc8 14. Nb3 Be4 15. Qc3 Bd5 16. Nfd2 Bxg2 17. Kxg2 Bxc5 18. Nxc5 Qd5+ 19. Nf3 Rxc5 20. Qb4 Rc4 21. Qb3 Rfc8 22. Rfd1 Qc6 23. Rd3 h6 24. Rad1 Nd5 25. a3 Rc1 26. Rxc1 Qxc1 27. Rd1 Qc2 28. Qxc2 Rxc2 29. Rd2 Rc1 30. e4 Nf6 31. e5 Nd5 32. Nd4 Kf8 33. f4 Ke7 34. Kf3 Kd7 35. Nf5 exf5 36.
Rxd5+ Ke7 37. Rd6 Rc2 38. Rxa6 Rxb2 39. h4 Rb3+ 40. Kg2 g6 41. Rb6 Rxa3 42. Rxb5 Kf8 43. Rb7 Re3 44. Kh3 Kg7 45. Kg2 g5 46. hxg5 hxg5 47. Kf2 Re4 48. Kf3 g4+ 49. Kf2 Kg8 50. Rb6 Kh7 51. Rf6 Kg7 52. Rxf5 Ra4 53. Rg5+ Kf8 54. Rxg4 Ra3 55. Rh4 Kg7 56. Kg2 Kg6 57. Rg4+ Kf5 58. Rg5+ Ke6 59. Kh3 Ra1 60. Kg4 Ra8 61. Rh5 Rg8+ 62. Kf3 Ra8 63. Rh6+ Ke7 64.
g4 Ra3+ 65. Ke4 Ra4+ 66. Kf5 Ra1 67. g5 Rg1 68. Ra6 Rf1 69. g6 fxg6+ 70. Rxg6 Kf7 71. Ra6 Kg7 72. Ra7+ Kf8 73. e6 Ke8 74. Ke5 Rh1 75. f5 Rh5 76. Kd6 Rh6 1-0

[Event "*** Titled Tuesday Blitz"]
[Site "Chess.com"]
[Date "2018.06.05"]
[Round "3"]
[White "Patzel09"]
[Black "nailbeshirli"]
[Result "1-0"]
[WhiteElo "2588"]
[BlackElo "2505"]
[TimeControl "180+2"]
[EndTime "13:42:08 PDT"]
[Termination "Patzel09 won by resignation"]

1. e4 c6 2. c4 e5 3. Nc3 g6 4.
Nf3 Bg7 5. d4 exd4 6. Nxd4 Ne7 7.
Be2 O-O 8. O-O d5 9. cxd5 cxd5 10.
exd5 Nxd5 11. Nxd5 Qxd5 12. Be3 Na6 13. Bf3 Qa5 14. Qb3 Nc5 15. Qb5 Qxb5 16. Nxb5 Ne6 17. Rfd1 Bxb2 18. Rab1 Be5 19. Nxa7 Ng5 20. Bxb7 Bxb7 21.
Rxb7 Ne4 22. a4 Nc3 23. Rdd7 Nxa4 24. g4 Rab8 25. Rxb8 Bxb8 26. Nc6 Re8 27. Kg2 h5 28. g5 Nc3 29. Nd8 Be5 30. Nxf7 Bg7 31. Nh6+ Kh8 32. Rxg7 Kxg7 33. Bd4+ Kh7 34. Bxc3 Re7 35. Bf6 Rd7 36. Kf3 Rd3+ 37. Ke4 Rd7 38. Bd4 Re7+ 39. Be5 Ra7 40. Kd5 Ra2 41. f3 Rf2 42. Ke4 Re2+ 43. Kd4 Rf2 44. Ke3 Rf1 45. Nf7 Re1+ 46. Kf2 Rh1 47.
Kg2 Re1 48. Bf6 Re2+ 49. Kg3 Re1 50. Ne5 Re2 51. Nd3 Re3 52. Nf2 Re2 53. Bd4 Re1 54. Kf4 Kg8 55. h4 Kf7 56. Nd3 Rd1 57. Ke3 Ke6 58. Ke4 Rh1 59. Ne5 Rxh4+ 60. f4 Rh1 61. Nxg6 Re1+ 62. Be3 Kf7 63. f5 Rh1 64. Ne5+ Kg8 65.
f6 h4 66. g6 1-0

[Event "*** Titled Tuesday Blitz"]
[Site "Chess.com"]
[Date "2018.06.05"]
[Round "3"]
[White "Manukyan_Artak"]
[Black "KRASAVCHIK2002"]
[Result "1/2-1/2"]
[WhiteElo "2342"]
[BlackElo "2223"]
[TimeControl "180+2"]
[EndTime "13:42:08 PDT"]
[Termination "Game drawn - insufficient material"]

1. e4 c5 2. Nf3 d6 3. Bb5+ Nd7 4. O-O Nf6 5. Re1 e5 6. a4 Be7 7. Nc3 O-O 8. Bc4 b6 9. d3 Bb7 10. Nh4 Nxe4 11. dxe4 Bxh4 12. Qxd6 Be7 13. Qd3 Nf6 14. Nd5 Nxd5 15. Bxd5 Bxd5 16. exd5 Bd6 17. c4 f5 18. a5 e4 19. Qh3 Qf6 20. g3 h6 21. Qf1 f4 22. Qg2 e3 23. axb6 exf2+ 24. Qxf2 fxg3 25. Qxf6 gxh2+ 26. Kh1 gxf6 27. b7 Rab8 28. Bxh6 Rfe8 29. b4 cxb4 30. Be3 Rxb7 31. c5 Be5 32. Rad1 b3 33.
c6 Rc7 34. Bd4 Rd8 35. Bxe5 fxe5 36. Rxe5 Rd6 37. Rb1 Rh7 38. Re2 Rc7 39. Rd2 Rcxc6 40.
dxc6 Rxd2 41. Rxb3 Rc2 42. Rb8+ Kg7 43. Rb7+ Kf6 44.
c7 a5 45. Rb6+ Kf7 46. Rb7 Ke6 47. Ra7 Kd7 48. Rxa5 Kxc7 49. Rh5 Kd7 50. Rxh2 Rxh2+ 51. Kxh2 1/2-1/2

[Event "*** Titled Tuesday Blitz"]
[Site "Chess.com"]
[Date "2018.06.05"]
[Round "3"]
[White "nabukatnezarr"]
[Black "Orest_Vovk"]
[Result "1-0"]
[WhiteElo "2339"]
[BlackElo "2393"]
[TimeControl "180+2"]
[EndTime "13:42:09 PDT"]
[Termination "nabukatnezarr won by resignation"]

1. Nf3 h6 2. e4 g5 3. d4 Bg7 4. c3 d6 5. Bd3 g4 6. Nfd2 c5 7. d5 Nf6 8. c4 Nbd7 9. O-O Ne5 10. Qc2 Nxd3 11. Qxd3 Nd7 12. Nc3 Ne5 13. Qe2 h5 14.
Nb3 Bd7 15. Bf4 Ng6 16. Bg5 Be5 17. Nc1 f6 18. Be3 Bxc3 19. bxc3 Ne5 20. Bf4 Qa5 21. Bxe5 fxe5 22. Rb1 O-O-O 23. Nb3 Qa4 24. Nd2 Rdf8 25. Rb3 h4 26. Rfb1 b6 27. Nf1 Kc7 28. Ne3 Rf4 29. Qb2 Qa6 30. a4 Rxe4 31. a5 Rb8 32. axb6+ Rxb6 33. Rxb6 axb6 34. Ra1 Qb7 35. g3 hxg3 36. hxg3 b5 37. Qb1 Rxe3 38. fxe3 bxc4 39. Qa2 Bf5 40. Qa5+ Kc8 41. Qa4 Kd8 42. Qxc4 Ke8 43. Qa4+ Kf7 44. Rf1 Qc8 45. e4 c4 46. Rxf5+ Kg6 47. Qd1 Qc5+ 48. Kg2 Qe3 49. Qxg4+ 1-0

[Event "*** Titled Tuesday Blitz"]
[Site "Chess.com"]
[Date "2018.06.05"]
[Round "3"]
[White "Terrordelcaribe94"]
[Black "GhostOfGreenval"]
[Result "1-0"]
[WhiteElo "2355"]
[BlackElo "2447"]
[TimeControl "180+2"]
[EndTime "13:42:10 PDT"]
[Termination "Terrordelcaribe94 won by resignation"]

1. d4 Nf6 2. Bf4 g6 3. Nc3 Bg7 4. e4 d6 5. Qd2 c6 6. Bh6 Bxh6 7. Qxh6 Nbd7 8. Nf3 Qa5 9. Ng5 Nf8 10. h4 Rg8 11. Be2 b5 12. O-O-O b4 13. Nb1 e5 14. f3 Qxa2 15. dxe5 dxe5 16. h5 Ba6 17. Bxa6 Qxa6 18.
hxg6 hxg6 19. Qh3 Qb6 20. Rd3 a6 21. Rhd1 Ke7 22. Nd2 Qb5 23. Nb3 a5 24. f4 exf4 25.
e5 Qxe5 26. Nf3 Qe6 27. Re1 a4 28. Rxe6+ Nxe6 29. Nbd4 Nc5 30. Nxc6+ Kf8 31. Rd6 Kg7 32. Rxf6 Kxf6 33. Qh4+ Kg7 34. Qxf4 Ne6 35. Qe5+ Kh7 36. Qf6 Rg7 37. Nxb4 a3 38. bxa3 Rxa3 39. Nd3 Ra2 40.
Nde5 Ra7 41. Ng4 Kg8 42. Nh6+ Kf8 43. Ne5 g5 44. Nf5 Rh7 45. Ng6+ Ke8 46. Nd6+ Kd7 47.
Nxf7 Rh1+ 48. Kd2 Nc5 49. Qd6+ Ke8 50. Qf8+ Kd7 51. Qxc5 1-0

[Event "*** Titled Tuesday Blitz"]
[Site "Chess.com"]
[Date "2018.06.05"]
[Round "3"]
[White "FairChess_on_YouTube"]
[Black "Godzillator"]
[Result "1-0"]
[WhiteElo "2963"]
[BlackElo "2243"]
[TimeControl "180+2"]
[EndTime "13:42:11 PDT"]
[Termination "FairChess_on_YouTube won by resignation"]

1. c4 c6 2. Nf3 d5 3. g3 Nf6 4. Bg2 Bg4 5. O-O e6 6. d4 Nbd7 7. Nc3 Be7 8. h3 Bh5 9. g4 Bg6 10. Nh4 Ne4 11. Nxg6 Nxc3 12. bxc3 hxg6 13. Rb1 Qc7 14. Qb3 Rb8 15. Qa4 b6 16. Ba3 Bxa3 17. Qxa3 dxc4 18. e4 b5 19. e5 Nb6 20. Qc5 Nd5 21. Bxd5 exd5 22. Kg2 Rb6 23. a4 Qe7 24. axb5 Qxc5 25. dxc5 Rxb5 26. Rxb5 cxb5 27. Rb1 Kd7 28.
Rxb5 Kc6 29. Ra5 Ra8 30. Kf3 a6 31. Ke3 g5 32. Kd4 Ra7 33. Ke3 Ra8 34. f4 gxf4+ 35. Kxf4 Kb7 36. h4 Rd8 37. Ke3 g6 38. c6+ Kxc6 39.
Rxa6+ Kb5 40. Rd6 Rh8 41. Rxd5+ Kc6 42. Rd6+ Kc5 43. Rd7 Rxh4 44. Rxf7 Rxg4 45. Rd7 Rg3+ 46. Kf4 Rxc3 47. Rd1 Rc2 48. Re1 Rf2+ 49. Kg5 c3 50. e6 Kd6 51. e7 c2 52. e8=Q 1-0

[Event "*** Titled Tuesday Blitz"]
[Site "Chess.com"]
[Date "2018.06.05"]
[Round "3"]
[White "Angulo07"]
[Black "albi1999"]
[Result "1-0"]
[WhiteElo "2399"]
[BlackElo "2544"]
[TimeControl "180+2"]
[EndTime "13:42:12 PDT"]
[Termination "Angulo07 won by resignation"]

1. Nc3 d5 2. e4 d4 3. Nce2 c5 4. d3 Nc6 5. c3 Nf6 6. Nf3 e5 7.
Bg5 h6 8. Bxf6 Qxf6 9. Ng3 Be6 10. Be2 g6 11. c4 h5 12. h4 Bh6 13. O-O Bg4 14. Nh2 Bxe2 15. Nxe2 Qxh4 16. Qc2 O-O 17.
a3 f5 18. Nf3 Qf6 19. exf5 gxf5 20. Rfe1 Rae8 21. Ng3 h4 22. Nf1 Kh8 23. Re2 Rg8 24. Kh1 Re7 25. N1d2 Rg4 26. Rg1 h3 27. gxh3 Rxg1+ 28.
Nxg1 Bf4 29. Nf1 Rg7 30. f3 Ne7 31. Rg2 Ng6 32. Qa4 Be3 33. Ne2 Qh4 34. Neg3 Nf4 35. Qe8+ Kh7 36. Qxe5 Nxg2 37. Kxg2 f4 38. Qxg7+ Kxg7 39.
Nf5+ Kf6 40. Nxh4 Kg5 41. b4 b6 42. bxc5 bxc5 43. Nh2 Kxh4 44. Ng4 Kg5 45. Ne5 Bc1 46. a4 Kf5 47. Nc6 a6 48. Nb8 a5 49. Nc6 Bd2 50. h4 Ke6 51. Kh3 Kd6 52. Nd8 Ke7 53. Nb7 Bb4 54. Kg4 Kd7 55. h5 1-0

[Event "*** Titled Tuesday Blitz"]
[Site "Chess.com"]
[Date "2018.06.05"]
[Round "3"]
[White "nihalsarin"]
[Black "Aleksandr_Kholin"]
[Result "1/2-1/2"]
[WhiteElo "2743"]
[BlackElo "2431"]
[TimeControl "180+2"]
[EndTime "13:42:15 PDT"]
[Termination "Game drawn - insufficient material"]

1. e4 c5 2. Nf3 d6 3. Bb5+ Nd7 4.
O-O a6 5. Bxd7+ Bxd7 6. d4 cxd4 7. Qxd4 Nf6 8. Nc3 Rc8 9. e5 dxe5 10. Nxe5 Bc6 11. Qxd8+ Rxd8 12. Nxc6 bxc6 13. Be3 Nd5 14. Bd4 f6 15. f4 e6 16. Rad1 Bb4 17. Ne4 Nxf4 18. Rxf4 e5 19. c3 Be7 20. Rff1 exd4 21. cxd4 O-O 22. Kf2 Rfe8 23. Rfe1 Kf7 24. a3 Bf8 25. Re2 Rd5 26. Nc3 Rf5+ 27. Ke1 Bd6 28. g3 Bc7 29. Rxe8 Kxe8 30. Ke2 h5 31. d5 Kd7 32. Rd3 h4 33. dxc6+ Kxc6 34. Ne4 hxg3 35. hxg3 Re5 36. Kf3 Rd5 37. Rc3+ Kb6 38. b4 Be5 39.
Rb3 Kb5 40. Re3 Kc4 41. Nc5 Bd4 42. Re7 Bxc5 43. bxc5 Rxc5 44. Rxg7 Ra5 45. Rf7 f5 46. Kf4 Kb3 47. Rxf5 Rxa3 48. g4 a5 49. g5 a4 50.
g6 Ra1 51. Rg5 Rf1+ 52. Ke3 Rf8 53. g7 Rg8 54. Kd3 a3 55. Rb5+ Ka4 56. Rb7 a2 57. Kc2 a1=N+ 58. Kc3 Nb3 59. Ra7+ Na5 60. Kd4 Kb5 61.
Kd5 Kb6 62. Rd7 Nc6 63. Ke6 Nd8+ 64. Kf6 Kc6 65. Rd1 Kc7 66. Re1 Kd7 67. Re7+ Kd6 68.
Re1 Kd7 69. Re2 Ne6 70. Rxe6 Rxg7 71. Kxg7 Kxe6 1/2-1/2

[Event "*** Titled Tuesday Blitz"]
[Site "Chess.com"]
[Date "2018.06.05"]
[Round "3"]
[White "chessking2151"]
[Black "HarutyunianTigranK"]
[Result "0-1"]
[WhiteElo "2422"]
[BlackElo "2729"]
[TimeControl "180+2"]
[EndTime "13:42:15 PDT"]
[Termination "HarutyunianTigranK won by resignation"]

1. Nf3 d5 2. d4 Nf6 3. c4 e6 4. Nc3 Bb4 5. Bg5 h6 6. Bxf6 Qxf6 7. e3 O-O 8. Qb3 c5 9. cxd5 exd5 10. a3 Bxc3+ 11. Qxc3 c4 12. Ne5 Nc6 13. f4 Bf5 14. Be2 b5 15. Bf3 Rfd8 16. O-O a5 17. b4 axb4 18.
axb4 Ne7 19. Ra5 Rxa5 20. bxa5 Qd6 21. g4 Be4 22. Bxe4 dxe4 23. Rb1 Nd5 24. Qc2 f6 25. Ng6 Re8 26. Kf2 Nb4 27. Qc3 Nd3+ 28. Ke2 Qd7 29.
h3 Qf7 30. f5 Qc7 31. Nf4 Nxf4+ 32. exf4 Qxf4 33. Qe3 Qh2+ 34. Kd1 c3 35. Kc1 Qg2 36. Rb3 c2 37. Rc3 Qf1+ 38. Kxc2 Qa1 39. d5 Qa2+ 40. Kc1 Qxd5 41. a6 b4 42. Rc5 Qa2 43. Qd2 Qa1+ 44. Kc2 Qa4+ 45. Kb1 Qxa6 46. Qd5+ Kh7 47. Qf7 Qd3+ 48.
Kb2 Qa3+ 49. Kb1 Ra8 50. Qg6+ Kh8 51. Rb5 Qa1+ 52. Kc2 Qc3+ 53. Kd1 Ra1+ 0-1

[Event "*** Titled Tuesday Blitz"]
[Site "Chess.com"]
[Date "2018.06.05"]
[Round "3"]
[White "dlp300"]
[Black "AlexZambrano"]
[Result "1-0"]
[WhiteElo "2398"]
[BlackElo "2313"]
[TimeControl "180+2"]
[EndTime "13:42:17 PDT"]
[Termination "dlp300 won by resignation"]

1. d4 Nf6 2. c4 g6 3. Nc3 d5 4. Nf3 Bg7 5. Bf4 O-O 6. e3 c6 7. h3 Qa5 8. Qb3 Ne4 9. Bd3 Nxc3 10. bxc3 e6 11. O-O Nd7 12. a4 Nb6 13. Bc7 dxc4 14.
Bxc4 Qh5 15. Bxb6 axb6 16. Qxb6 e5 17. Nxe5 Bxe5 18. dxe5 Qxe5 19. Qd4 Qg5 20. h4 Qh5 21. Rfd1 Bg4 22. f3 Bf5 23. Qf4 Bc2 24. Rd7 Qf5 25.
Qxf5 gxf5 26. a5 b5 27. Bf1 Ba4 28. Rc7 Rfc8 29. Rxc8+ Rxc8 30. Bd3 Ra8 31. Bxf5 Rxa5 32. Bd7 c5 33. c4 Ra6 34. cxb5 Bxb5 35. Rxa6 Bxa6 36.
Kf2 Kf8 37. Bf5 Ke7 38. Bxh7 Kd6 39. g4 c4 40. h5 Ke7 41. Bc2 Kf6 42. f4 Kg7 43. g5 Bb7 44. e4 Bc8 45. e5 Bg4 46.
h6+ Kh8 47. Ke3 Bh5 48. Kd4 1-0

[Event "*** Titled Tuesday Blitz"]
[Site "Chess.com"]
[Date "2018.06.05"]
[Round "3"]
[White "TableVolleyball"]
[Black "x-3738459472"]
[Result "0-1"]
[WhiteElo "2484"]
[BlackElo "2450"]
[TimeControl "180+2"]
[EndTime "13:42:18 PDT"]
[Termination "x-3738459472 won by resignation"]

1. e4 c5 2. Nf3 Nc6 3. d4 cxd4 4. Nxd4 e5 5. Nb5 d6 6. N1c3 a6 7. Na3 b5 8. Nd5 Nge7 9. c4 Nd4 10. cxb5 Nxd5 11.
exd5 Be7 12. Bd3 O-O 13. O-O f5 14. bxa6 Bf6 15. Be3 e4 16. Bc4 Nf3+ 17. gxf3 Bxb2 18. Qb3 Bxa1 19. Rxa1 f4 20. Bd4 Qh4 21. fxe4 f3 22. Kh1 Bh3 23. Rg1 Bg2+ 24. Rxg2 fxg2+ 25. Kxg2 Qxe4+ 26.
f3 Qxd4 27. Bd3 Rab8 28. Qd1 Rb2+ 29. Nc2 Qa4 30. Qc1 Qxa2 31. Kg3 Rb3 32. Qe3 Qb2 33.
Nd4 Rbb8 34. Qe6+ Kh8 35. Qh3 h6 36. a7 Qxd4 37. Qf5 Qe5+ 38. Qxe5 dxe5 39. axb8=Q Rxb8 40.
Kg4 Rf8 41. Bf5 g5 42. Be6 Kg7 43. Bf5 Kf6 44. Be4 Rb8 45. h3 Rb2 46. h4 gxh4 47.
Kxh4 Rg2 48. f4 Re2 49. Bf3 Re3 50. fxe5+ Kxe5 51. Bg4 Ra3 52. Kh5 Kxd5 53. Kxh6 Ke5 54. Kg6 Rg3 55. Kg5 Ke4 56. Kh5 Kf4 57. Be6 Re3 58. Bc4 Re4 59. Bd5 Re5+ 0-1

[Event "*** Titled Tuesday Blitz"]
[Site "Chess.com"]
[Date "2018.06.05"]
[Round "3"]
[White "andrewtnb"]
[Black "Grandelicious"]
[Result "0-1"]
[WhiteElo "2376"]
[BlackElo "2599"]
[TimeControl "180+2"]
[EndTime "13:42:19 PDT"]
[Termination "Grandelicious won by resignation"]

1. d4 d5 2. Nf3 Nf6 3. c4 e6 4. Nc3 Nbd7 5. cxd5 exd5 6. Bg5 Bb4 7. e3 h6 8. Bxf6 Qxf6 9. Bd3 O-O 10. O-O c6 11. Qc2 Qd8 12. a3 Ba5 13. b4 Bc7 14. b5 Re8 15. bxc6 bxc6 16. Rfc1 Nb6 17. Na4 Nxa4 18. Qxa4 Bd7 19. Qc2 Qf6 20. Rab1 Rab8 21. Rxb8 Rxb8 22. Rb1 Qd8 23. Rxb8 Qxb8 24. g3 Bd6 25. Bf5 Be8 26.
a4 Qb4 27. Kg2 g6 28. Bd3 c5 29. dxc5 Bxc5 30. Qa2 Bxa4 31. Qxd5 Bb3 32. Qd8+ Kg7 33. Nd4 Qb7+ 34. Kg1 Bd5 35. Nb5 a5 36. Nc7 Bc6 37. Ne8+ Bxe8 38. Qxe8 Be7 39. Bc4 Qb1+ 40. Bf1 Qe4 41. Bb5 Qe5 42. Ba4 Qf6 43. Qd7 Bb4 44. Qe8 Be1 45. f4 h5 46. Kg2 Bb4 47. Kf3 Bc5 48.
Qe4 Bb6 49. h3 Qa1 50. g4 Qf1+ 51. Kg3 h4+ 52. Kh2 Qf2+ 53. Kh1 Bxe3 54. Qe5+ Kh7 0-1

[Event "*** Titled Tuesday Blitz"]
[Site "Chess.com"]
[Date "2018.06.05"]
[Round "3"]
[White "Arash-Tiger"]
[Black "Fighterman91"]
[Result "1/2-1/2"]
[WhiteElo "2782"]
[BlackElo "2564"]
[TimeControl "180+2"]
[EndTime "13:42:24 PDT"]
[Termination "Game drawn by stalemate"]

1. e4 c5 2. Nf3 d6 3. d4 cxd4 4. Nxd4 Nf6 5. Nc3 Nc6 6. Bg5 e6 7. Qd2 a6 8. O-O-O Bd7 9. f4 b5 10. Bxf6 gxf6 11. f5 Nxd4 12. Qxd4 Bh6+ 13. Kb1 Bf4 14.
fxe6 fxe6 15. Ne2 Be5 16. Qd2 Bc6 17. Qe3 Rg8 18. g3 Qd7 19. Bh3 f5 20. Bg2 O-O-O 21. Rhg1 Qb7 22. Nd4 Bxe4 23. Bxe4 Qxe4 24. Qxe4 fxe4 25.
Nc6 Rd7 26. Nxe5 dxe5 27. Kc1 Rd5 28. Rge1 Rgd8 29. Rf1 Rxd1+ 30. Rxd1 Rf8 31. Re1 Rf2 32. Rxe4 Rxh2 33. Rxe5 Kd7 34. Re3 h5 35. Ra3 Rg2 36. Kd1 b4 37. Ra5 Rxg3 38. Rxh5 Rg2 39. Ra5 Rg1+ 40.
Kd2 Kd6 41. Rxa6+ Kd5 42. Ra4 Rg2+ 43. Ke3 Kc5 44. Kd3 e5 45. Ra5+ Kd6 46. Rb5 Rg4 47.
c3 Rg3+ 48. Kc2 bxc3 49. bxc3 Rg2+ 50. Kb3 e4 51. Kc4 Rxa2 52. Kd4 Kc6 53. Rh5 Re2 54. c4 e3 55. Rh6+ Kc7 56. Re6 Re1 57. Rxe3 Rxe3 58. Kxe3 Kc6 59. Kd4 Kd6 60. c5+ Kc6 61. Kc4 Kc7 62.
Kb5 Kb7 63. c6+ Kc7 64. Kc5 Kc8 65. Kb6 Kb8 66. c7+ Kc8 67. Kc6 1/2-1/2

[Event "*** Titled Tuesday Blitz"]
[Site "Chess.com"]
[Date "2018.06.05"]
[Round "3"]
[White "Tibmat"]
[Black "NDePinEsPeRG"]
[Result "1-0"]
[WhiteElo "2410"]
[BlackElo "2629"]
[TimeControl "180+2"]
[EndTime "13:42:26 PDT"]
[Termination "Tibmat won by resignation"]

1. Nf3 Nf6 2. c4 e6 3. g3 d5 4. Bg2 dxc4 5. Qa4+ c6 6. Qxc4 b5 7. Qb3 Bb7 8. O-O Nbd7 9. d4 a6 10. Ne5 Nxe5 11. dxe5 Nd7 12. Rd1 Qc7 13. Bf4 Be7 14.
Nc3 O-O 15. Ne4 c5 16. h4 c4 17. Qe3 Bxe4 18. Bxe4 Rad8 19. h5 Nc5 20. Bc2 Rxd1+ 21.
Rxd1 Rd8 22. Rxd8+ Qxd8 23. Qf3 h6 24. Qc6 Kf8 25. Be3 Qd5 26. Qc8+ Qd8 27. Qxd8+ Bxd8 28. Bxc5+ Ke8 29. e4 Ba5 30. Kf1 Bd2 31. Ke2 Bc1 32. b3 cxb3 33. axb3 Bb2 34. f4 Bc3 35. g4 Ba5 36.
Kf3 Bd8 37. Bd6 Bb6 38. Bd3 Bd4 39. f5 Bc3 40. Bc2 Bd4 41. Ke2 Bb2 42. Kd3 Ba1 43.
b4 Bb2 44. Bb3 Kd7 45. Ke3 Bc1+ 46. Kf3 Bb2 47. Ke2 Bc3 48. Kd3 Bb2 49. Bc5 Bxe5 50.
Bd4 Bf4 51. Bxg7 Kd6 52. fxe6 fxe6 53. e5+ Kd7 54. Ke4 Bc1 55. Bf6 Bd2 56. g5 1-0

[Event "*** Titled Tuesday Blitz"]
[Site "Chess.com"]
[Date "2018.06.05"]
[Round "3"]
[White "Leo_C"]
[Black "CarlssonLudvig"]
[Result "0-1"]
[WhiteElo "2200"]
[BlackElo "2078"]
[TimeControl "180+2"]
[EndTime "13:42:26 PDT"]
[Termination "CarlssonLudvig won by resignation"]

1. d4 Nf6 2. c4 e6 3. Nf3 Bb4+ 4. Nbd2 O-O 5. a3 Be7 6. e4 d6 7. Bd3 Nbd7 8. e5 dxe5 9. dxe5 Ng4 10. Qe2 Ndxe5 11.
Nxe5 Nxe5 12. Bxh7+ Kxh7 13. Qxe5 Kg8 14. O-O b6 15. Nf3 Bb7 16. Qg3 Bd6 17. Bf4 Bxf3 18. Qxf3 Qf6 19. Bxd6 Qxf3 20. gxf3 cxd6 21. Rfd1 Rfd8 22.
Rd4 Kf8 23. Rad1 Ke7 24. f4 g6 25. Kg2 Rac8 26. b4 Rc6 27. Kf3 Rdc8 28. Kg4 R8c7 29. Kg5 Rxc4 30. Rxd6 Rc3 31. R1d3 Rxd3 32. Rxd3 Rc2 33.
Rf3 Rd2 34. Kg4 Kf6 35. h4 Rd4 36. Re3 Rc4 37. Re5 Rc2 38. Kf3 Rc3+ 39. Re3 Rc1 40. Re5 Rh1 41. Kg3 Rg1+ 42. Kf3 Ra1 43. Re3 a6 44. Rc3 b5 45. Rd3 Rc1 46. Re3 Rc4 47. Re4 Rc3+ 48. Re3 Rc2 49. Re2 Rc3+ 50. Re3 Rc1 51.
Re5 Rc3+ 52. Re3 Rc6 53. Re5 Rd6 54. Re3 Rd5 55. Kg3 Kf5 56. Kf3 f6 57. Re4 Rd3+ 58.
Re3 Rd4 59. Kg3 Rxf4 60. Rc3 Rg4+ 61. Kf3 Rxh4 62. Kg3 Rc4 63. Rxc4 bxc4 64. Kf3 Ke5 65. Ke3 Kd5 66. a4 e5 67. b5 axb5 68. axb5 Kc5 69. b6 Kxb6 70. Kd2 Kc5 71. Kc3 f5 72. f3 g5 73. Kd2 e4 74. fxe4 fxe4 75. Ke3 c3 76.
Kxe4 c2 0-1

[Event "*** Titled Tuesday Blitz"]
[Site "Chess.com"]
[Date "2018.06.05"]
[Round "3"]
[White "Makalexa"]
[Black "talento10"]
[Result "1/2-1/2"]
[WhiteElo "2046"]
[BlackElo "2158"]
[TimeControl "180+2"]
[EndTime "13:42:27 PDT"]
[Termination "Game drawn - insufficient material"]

1. e4 c5 2. Nf3 d6 3. d4 cxd4 4. Nxd4 Nf6 5. Nc3 g6 6. Be3 Bg7 7. f3 O-O 8. Qd2 Nc6 9. O-O-O d5 10. Qe1 e5 11. Nxc6 bxc6 12. Bc5 Re8 13. g4 Qa5 14. Ba3 d4 15. Nd5 Qxe1 16. Nxf6+ Bxf6 17. Rxe1 Bg5+ 18. Kd1 Be6 19. b3 a5 20. h4 Bf4 21. Bc1 Bxc1 22. Kxc1 a4 23. h5 axb3 24. axb3 Ra2 25. Bd3 Rea8 26. hxg6 hxg6 27. g5 c5 28. Rh4 c4 29.
Bxc4 Ra1+ 30. Kd2 Bxc4 31. Rxa1 Rxa1 32. bxc4 Ra3 33. f4 Rc3 34. fxe5 Kf8 35. e6 fxe6 36.
Rf4+ Ke7 37. Rf6 Rxc4 38. Kd3 Ra4 39. Rxg6 e5 40. Rc6 Ra3+ 41. Kd2 Re3 42. Rc7+ Kf8 43. c4 Rxe4 44. c5 Rg4 45. Rc8+ Ke7 46. Rg8 e4 47. c6 Kd6 48. Rg6+ Kc7 49. Re6 Rxg5 50. Rxe4 Rd5 51. Kd3 Kxc6 52. Rxd4 Rxd4+ 53. Kxd4 1/2-1/2

[Event "*** Titled Tuesday Blitz"]
[Site "Chess.com"]
[Date "2018.06.05"]
[Round "3"]
[White "Kubas1010"]
[Black "GasconJR"]
[Result "1-0"]
[WhiteElo "2377"]
[BlackElo "2328"]
[TimeControl "180+2"]
[EndTime "13:42:30 PDT"]
[Termination "Kubas1010 won by resignation"]

1. d4 Nf6 2. c4 e6 3. g3 d5 4. Nf3 Bb4+ 5. Bd2 Bd6 6. Bg5 O-O 7.
Nc3 c6 8. Qc2 h6 9. Bxf6 Qxf6 10. O-O-O Qd8 11. e4 dxe4 12. Nxe4 Be7 13. Ne5 Nd7 14.
f4 Qc7 15. Kb1 b6 16. Bg2 Bb7 17. c5 Nf6 18. Nxf6+ Bxf6 19. h4 bxc5 20. Qxc5 Be7 21. Qc3 Rab8 22. Nd3 c5 23. Bxb7 Qxb7 24. Nxc5 Qd5 25.
Rhe1 Rfd8 26. Nb3 Bf6 27. Qc5 Qf3 28. Qc3 Qd5 29. Rd3 Rbc8 30. Qb4 Qf5 31. Rd1 Rc7 32. Qa5 Rcd7 33. Qxf5 exf5 34. d5 Be7 35. Na5 Bd6 36. Nc6 Re8 37. Kc2 g6 38. b4 Kg7 39.
Ra3 Re2+ 40. Rd2 Re4 41. Kb3 Re3+ 42. Ka4 Re4 43. Kb5 Kf6 44. Rd4 Rb7+ 45. Ka6 Rxd4 46.
Kxb7 Rxd5 47. Rxa7 Bxb4 48. Ra6 Bd6 49. a4 Ke6 50. a5 Kd7 51. Rb6 Rd3 52. a6 Bc5 53.
Rb5 Bf2 54. Ne5+ 1-0

[Event "*** Titled Tuesday Blitz"]
[Site "Chess.com"]
[Date "2018.06.05"]
[Round "3"]
[White "wonderfultime"]
[Black "Tesla37"]
[Result "1-0"]
[WhiteElo "2859"]
[BlackElo "2634"]
[TimeControl "180+2"]
[EndTime "13:42:36 PDT"]
[Termination "wonderfultime won by resignation"]

1. d4 Nf6 2. Nf3 e6 3. Bf4 c5 4. c3 d5 5. e3 Nc6 6. Nbd2 Bd6 7.
Bg3 b6 8. Bb5 Bb7 9. Qa4 Qc7 10.
Bxd6 Qxd6 11. Ne5 Rc8 12. Qxa7 Qc7 13. dxc5 bxc5 14. Nxc6 Bxc6 15. Qxc5 Bxb5 16. Qxb5+ Nd7 17. Qe2 O-O 18. O-O Rb8 19. Rfb1 Rfc8 20. h3 Nc5 21. a3 Na4 22. Ra2 Rb6 23. Qd1 Qa7 24. Rc1 Nxb2 25. Qc2 Na4 26. Qd3 Rbc6 27. c4 Nb6 28.
Rac2 Qa4 29. c5 Nd7 30. Qb3 Qa5 31. Qb4 Ra8 32. Nb3 Qxa3 33. Qxa3 Rxa3 34. Nd4 Rc8 35. c6 Ne5 36. Rb1 g6 37. Rb7 Nc4 38. c7 Kg7 39. Nb5 Rb3 40. Rb8 Rxc7 41. Nxc7 Rxb8 42. Na6 Ra8 43.
Nc5 Kf6 44. Kh2 Ke7 45. Kg3 f5 46. h4 Kd6 47. Nd3 Ra3 48. Ne1 e5 49. Nf3 h6 50.
Kh2 Na5 51. Rc8 Nc6 52. Rh8 h5 53. Rg8 Ne7 54. Rd8+ Ke6 55. Ng5+ Kf6 56. Rf8+ Kg7 57. Rf7+ Kg8 58. Rxe7 1-0

[Event "*** Titled Tuesday Blitz"]
[Site "Chess.com"]
[Date "2018.06.05"]
[Round "3"]
[White "dretch"]
[Black "Korchmar_Vasiliy"]
[Result "1/2-1/2"]
[WhiteElo "2753"]
[BlackElo "2712"]
[TimeControl "180+2"]
[EndTime "13:42:37 PDT"]
[Termination "Game drawn - insufficient material"]

1. d4 Nf6 2. c4 e6 3. Nc3 Bb4 4. Qc2 b6 5. e4 c5 6. a3 Bxc3+ 7. bxc3 Bb7 8. d5 d6 9. Bd3 O-O 10. Ne2 b5 11. cxb5 exd5 12. exd5 Bxd5 13. c4 Bxg2 14. Rg1 Bf3 15. Bh6 g6 16. Bxg6 fxg6 17. Rxg6+ Kf7 18. Rg7+ Ke8 19. Qf5 Bg4 20. Rxg4 Nbd7 21. Bxf8 Nxg4 22. Bxd6 Qf6 23. Qe4+ Kf7 24. Qxh7+ Ke8 25. Qg8+ Nf8 26. Qxf8+ Qxf8 27. Bxf8 Kxf8 28. h3 Ne5 29. a4 Nxc4 30. Rc1 Nb2 31. Rc2 Nxa4 32. Rc4 Nb2 33. Rf4+ Ke7 34. Kd2 Rb8 35. Nc3 c4 36. h4 Ke6 37.
Kc2 Nd3 38. Rxc4 Nxf2 39. Rc7 Rh8 40. Rc6+ Ke5 41. Rc4 Kf5 42. Kb3 Ng4 43. Rc5+ Ne5 44. Rc7 Rxh4 45. Rxa7 Ke6 46. Rc7 Kd6 47. b6 Nc6 48.
Nb5+ Kc5 49. Na7 Rh3+ 50. Kb2 Rh2+ 51. Kc3 Rh3+ 52. Kd2 Rh2+ 53. Ke3 Rh3+ 54. Kf2 Kxb6 55. Rxc6+ Kxa7 56. Rd6 Kb7 57. Re6 Rh5 58. Rf6 Kc7 59. Rg6 Kd7 60. Rg7+ Ke6 61. Rg3 Kf5 62. Kg2 Kf4 63. Rf3+ Ke4 64. Rh3 Rg5+ 65. Rg3 Rxg3+ 66. Kxg3 1/2-1/2